Workbook

Sheet CIDB Painting
C3: BILLS OF QUANTITIES
C4: PAINTING OF EXTERIOR WALLS AND STAIRCASES
A7: Contract Description: | B7: REQUEST FOR PROPOSAL FOR THE APPOINTMENT OF A SERVICE PROVIDER TO REPAIR AND PAINT EXTERNAL WALLS, EXTERNAL BULKHEADS, EXTERNAL STEEL STAIRCASES AND BULUSTRADE AND INTERNAL FIRE STAIRCASES WITH FIRE PARTITIONS AT THE CIDB HEAD OFFICE IN CERTURION
A11: ITEM NO | B11: DESCRIPTION | C11: UNIT | D11: QUANTITY | E11: RATE | F11: AMOUNT
B14: SECTION 1
B16: PRELIMINARIES
B18: BILL NO. 1
B20: PRELIMINARIES AND GENERAL
B22: BUILDING AGREEMENT AND PRELIMINARIES
B24: The JBCC Principal Building Agreement (Edition 6.2 – May 2018) prepared by the Joint Building Contracts Committee shall be the applicable building agreement, amended as hereinafter described
B26: The JBCC Principal Building Agreement contract data form an integral part of this agreement
B28: The JBCC General Preliminaries (May 2018) published by the Joint Building Contracts Committee for use with the JBCC Principal Building Agreement (Edition 6.2 – May 2018) shall be deemed to be incorporated in this project specific preliminaries, amended as hereinafter described
B30: The contractor is deemed to have referred to the abovementioned documents for the full intent and meaning of each clause
B32: The relevant clauses in the abovementioned documents are hereinafter referred to by clause number and heading only
B34: Where standard clauses or alternatives are not entirely applicable to this agreement such amendments, modifications, corrections or supplements as will apply are given under each relevant clause heading and such amendments, modifications, corrections or supplements shall take precedence notwithstanding anything to the contrary contained in the abovementioned documents
B37: PREAMBLES FOR TRADES
... B102: However, should the full intent and meaning of any description not be clear, the contractor shall, before submission of his tender, call for a written directive from the principal agent and/or , failing which it shall be assumed that the contractor has allowed in his pricing for materials and workmanship in terms of international best practice
A103: 1 | B103: F:............................. V:............................ T:............................ | C103: Item | D103: 1 | F103: =D103*E103 -> 0
B105: Clause 2.0 - Law, regulations and notices
A107: 2 | B107: F:............................. V:............................ T:............................ | C107: Item | D107: 1 | F107: =D107*E107 -> 0
B109: Clause 3.0 - Offer and acceptance
A111: 3 | B111: F:............................. V:............................ T:............................ | C111: Item | D111: 1 | F111: =D111*E111 -> 0
B113: Clause 4.0 - Cession and assignment
A115: 4 | B115: F:............................. V:............................ T:............................ | C115: Item | D115: 1 | F115: =D115*E115 -> 0
B117: Clause 5.0 - Documents
A119: 5 | B119: F:............................. V:............................ T:............................ | C119: Item | D119: 1 | F119: =D119*E119 -> 0
B121: Clause 6.0 - Employer's agents
B123: Delegated authority The authority of the principal agent to issue contract instructions [17.1] and perform duties for specific aspects of the works is delegated to agents. This does not preclude the principal agent from issuing such contract instructions:
A125: 6 | B125: F:............................. V:............................ T:............................ | C125: Item | D125: 1 | F125: =D125*E125 -> 0
B127: Clause 7.0 - Design responsibility
B129: The responsibility for the design of systems and equipment to comply with all applicable laws, ordinances and codes of practice of relevant authorities, lies with the principal agent systems and equipment, and lies with the contractor where the contractor has designed and specified such systems and equipment
A131: 7 | B131: F:............................. V:............................ T:............................ | C131: Item | D131: 1 | F131: =D131*E131 -> 0
B134: INSURANCES AND SECURITIES
B136: Clause 8.0 - Works risk
A138: 8 | B138: F:............................. V:............................ T:............................ | C138: Item | D138: 1 | F138: =D138*E138 -> 0
B140: Clause 9.0 – Indemnities
A142: 9 | B142: F:............................. V:............................ T:............................ | C142: Item | D142: 1 | F142: =D142*E142 -> 0
B144: Clause 10.0 – Insurances
A146: 10 | B146: F:............................. V:............................ T:............................ | C146: Item | D146: 1 | F146: =D146*E146 -> 0
B148: Clause 11.0 – Securities
A150: 11 | B150: F:............................. V:............................ T:............................ | C150: Item | D150: 1 | F150: =D150*E150 -> 0
B153: EXECUTION
B155: Clause 12.0 - Obligations of the parties
A157: 12 | B157: F:............................. V:............................ T:............................ | C157: Item | D157: 1 | F157: =D157*E157 -> 0
B159: Clause 13.0 - Setting out
A161: 13 | B161: F:............................. V:............................ T:............................ | C161: Item | D161: 1 | F161: =D161*E161 -> 0
B163: Clause 14.0 - Nominated subcontractors
A165: 14 | B165: F:............................. V:............................ T:............................ | C165: Item | D165: 1 | F165: =D165*E165 -> 0
B167: Clause 15.0 - Selected subcontractors
A169: 15 | B169: F:............................. V:............................ T:............................ | C169: Item | D169: 1 | F169: =D169*E169 -> 0
B171: Clause 16.0 - Direct contractors
A173: 16 | B173: F:............................. V:............................ T:............................ | C173: Item | D173: 1 | F173: =D173*E173 -> 0
B175: Clause 17.0 - Contract instructions
A177: 17 | B177: F:............................. V:............................ T:............................ | C177: Item | D177: 1 | F177: =D177*E177 -> 0
B180: COMPLETION
B182: Clause 18.0 - Interim completion
A184: 18 | B184: F:............................. V:............................ T:............................ | C184: Item | D184: 1 | F184: =D184*E184 -> 0
B186: Clause 19.0 - Practical completion
A188: 19 | B188: F:............................. V:............................ T:............................ | C188: Item | D188: 1 | F188: =D188*E188 -> 0
B190: Clause 20.0 - Completion in sections
A192: 20 | B192: F:............................. V:............................ T:............................ | C192: Item | D192: 1 | F192: =D192*E192 -> 0
B194: Clause 21.0 - Defects liability period and final completion
A196: 21 | B196: F:............................. V:............................ T:............................ | C196: Item | D196: 1 | F196: =D196*E196 -> 0
B198: Clause 22.0 - Latent defects liability period
A200: 22 | B200: F:............................. V:............................ T:............................ | C200: Item | D200: 1 | F200: =D200*E200 -> 0
B202: Clause 23.0 - Revision of the date for practical completion
A204: 23 | B204: F:............................. V:............................ T:............................ | C204: Item | D204: 1 | F204: =D204*E204 -> 0
B206: Clause 24.0 - Penalty for late or non-completion
A208: 24 | B208: F:............................. V:............................ T:............................ | C208: Item | D208: 1 | F208: =D208*E208 -> 0
B211: PAYMENT
B213: Clause 25.0 – Payment
A215: 25 | B215: F:............................. V:............................ T:............................ | C215: Item | D215: 1 | F215: =D215*E215 -> 0
B217: Clause 26.0 - Adjustment of the contract value and final account
A219: 26 | B219: F:............................. V:............................ T:............................ | C219: Item | D219: 1 | F219: =D219*E219 -> 0
B221: Clause 27.0 - Recovery of expense and/or loss
A223: 27 | B223: F:............................. V:............................ T:............................ | C223: Item | D223: 1 | F223: =D223*E223 -> 0
B226: SUSPENSION AND TERMINATION
B228: Clause 28.0 - Suspension by the contractor
A230: 28 | B230: F:............................. V:............................ T:............................ | C230: Item | D230: 1 | F230: =D230*E230 -> 0
B232: Clause 29.0 – Termination
A234: 29 | B234: F:............................. V:............................ T:............................ | C234: Item | D234: 1 | F234: =D234*E234 -> 0
B237: DISPUTE RESOLUTION
B239: Clause 30.0 - Dispute resolution
A241: 30 | B241: F:............................. V:............................ T:............................ | C241: Item | D241: 1 | F241: =D241*E241 -> 0
B244: SECTION B: GENERAL PRELIMINARIES
B246: Definition and interpretation (B1)
A248: 31 | B248: Clause 1.0 - Definitions and interpretation F:............................. V:............................ T:............................ | C248: Item | D248: 1 | F248: =D248*E248 -> 0
B250: Documents (B2)
A252: 32 | B252: Clause 2.1- Checking of documents F:............................. V:............................ T:............................ | C252: Item | D252: 1 | F252: =D252*E252 -> 0
A254: 33 | B254: Clause 2.2 - Provisional bills of quantities F:............................. V:............................ T:............................ | C254: Item | D254: 1 | F254: =D254*E254 -> 0
A256: 34 | B256: Clause 2.3 - Availability of construction documentation F:............................. V:............................ T:............................ | C256: Item | D256: 1 | F256: =D256*E256 -> 0
A258: 35 | B258: Clause 2.4 - Ordering of materials and goods Should the contractor use the quantities in the priced document and not as per the drawings for the ordering of materials and goods, the contractor does so at his own risk F:............................. V:............................ T:............................ | C258: Item | D258: 1 | F258: =D258*E258 -> 0
B260: Previous work and adjoining properties (B3)
A262: 36 | B262: Clause 3.1 - Previous work - dimensional accuracy F:............................. V:............................ T:............................ | C262: Item | D262: 1 | F262: =D262*E262 -> 0
A264: 37 | B264: Clause 3.2 - Previous work – defects F:............................. V:............................ T:............................ | C264: Item | D264: 1 | F264: =D264*E264 -> 0
A266: 38 | B266: Clause 3.3 - Inspection of adjoining properties F:............................. V:............................ T:............................ | C266: Item | D266: 1 | F266: =D266*E266 -> 0
B268: The site (B4)
A270: 39 | B270: Clause 4.1 - Handover of site in stages F:............................. V:............................ T:............................ | C270: Item | D270: 1 | F270: =D270*E270 -> 0
A272: 40 | B272: Clause 4.2 - Enclosure of the works Item F:............................. V:............................ T:............................ | C272: Item | D272: 1 | F272: =D272*E272 -> 0
A274: 41 | B274: Clause 4.3 - Geotechnical and other investigations F:............................. V:............................ T:............................ | C274: Item | D274: 1 | F274: =D274*E274 -> 0
...

Sheet Summary
C3: BILLS OF QUANTITIES
C4: PAINTING OF EXTERIOR WALLS AND STAIRCASES
C5: SUMMARY
A7: Contract Description: | B7: REQUEST FOR PROPOSAL FOR THE APPOINTMENT OF A SERVICE PROVIDER TO REPAIR AND PAINT EXTERNAL WALLS, EXTERNAL BULKHEADS, EXTERNAL STEEL STAIRCASES AND BULUSTRADE AND INTERNAL FIRE STAIRCASES WITH FIRE PARTITIONS AT THE CIDB HEAD OFFICE IN CERTURION
A10: ITEM NO | B10: DESCRIPTION | C10: AMOUNT
B12: SUMMARY
A15: Bill no. 1 | B15: Preliminaries and general | C15: ='CIDB Painting'!F425 -> 0
A17: Bill no. 2 | B17: Alterations | C17: ='CIDB Painting'!F463 -> 0
A19: Bill no. 3 | B19: Waterproofing | C19: ='CIDB Painting'!F493 -> 0
A21: Bill no, 4 | B21: Ceilings and Partitions | C21: ='CIDB Painting'!F520 -> 0
A23: Bill no. 5 | B23: Paintwork | C23: ='CIDB Painting'!F621 -> 0
A25: Bill no. 6 | B25: Plastering | C25: ='CIDB Painting'!F638 -> 0
A27: Bill no. 7 | B27: Tiling | C27: ='CIDB Painting'!F660 -> 0
A29: Bill no. 8 | B29: External works | C29: ='CIDB Painting'!F678 -> 0
A31: Bill no. 9 | B31: Provisional Amounts | C31: ='CIDB Painting'!F742 -> 850000
B34: SUB TOTAL | C34: =SUM(C13:C32) -> 850000
B36: Contingency
B38: Provide the sum of R 450 000.00 (Four Hundred and Fifty Thousand Rands) for contingencies to be used as directed and deducted in whole or in part if not required | C38: 450000
B42: SUB TOTAL | C42: =C38+C34 -> 1300000
B44: Add VAT
B46: Allow 15per cent (15%) of the above sub-total for Value Added Tax | C46: =C42*15% -> 195000
B55: TOTAL CARRIED TO TENDER DOCUMENT | C55: =C42+C46 -> 1495000
